 Dungeon Crawl Stone Soup version 0.24-a0-201-gf205589 (webtiles) character file.

Game seed: 6909023870547089059

1086 Borgoz the Cutter (level 8, -2/63 HPs)
             Began as a Ghoul Monk on Mar 23, 2019.
             Was a Believer of Ashenzari.
             Slain by a troll (9 damage)
             ... on level 5 of the Dungeon.
             The game lasted 00:06:40 (3660 turns).

Borgoz the Cutter (Ghoul Monk)                      Turns: 3660, Time: 00:06:40

Health: -2/63      AC:  7    Str: 20    XL:     8   Next: 30%
Magic:  7/7        EV: 12    Int:  6    God:    Ashenzari [**....]
Gold:   235        SH:  0    Dex: 12    Spells: 7/7 levels left

rFire    . . .     SeeInvis .   q - +0 short sword (elec)
rCold    + . .     Gourm    .   (no shield)
rNeg     + + +     Faith    .   p - +0 scale mail
rPois    ∞         Spirit   .   (no helmet)
rElec    .         Reflect  .   (no cloak)
rCorr    .         Harm     .   (no gloves)
MR       .....                  (no boots)
Stlth    ++........             (no amulet)
HPRegen  0.00/turn              k - ring of stealth
MPRegen  0.10/turn              (no ring)

@: mighty, rotting
A: rotting body, claws 1, carnivore, cold resistance 1, negative energy
resistance 3, inhibited regeneration, torment resistance, unbreathing
a: Curse Item, Scrying, Renounce Religion


You were on level 5 of the Dungeon.
You worshipped Ashenzari.
Ashenzari was pleased with you.
You were not hungry.

You visited 2 branches of the dungeon, and saw 6 of its levels.

You collected 235 gold pieces.

Inventory:

Hand Weapons
 q - a +0 short sword of electrocution (weapon)
Armour
 p - a +0 scale mail (worn)
Jewellery
 k - a ring of stealth (left claw)
 u - a +3 ring of intelligence
 v - a +5 ring of protection
Wands
 a - a wand of digging (4)
 g - a wand of paralysis (3)
 t - a wand of clouds (2)
Scrolls
 d - 3 scrolls of remove curse
 e - 2 scrolls of magic mapping {unknown}
 f - 3 scrolls of teleportation {unknown}
 j - 3 scrolls of enchant weapon {unknown}
 l - a scroll of amnesia {unknown}
 m - a scroll of random uselessness {unknown}
Potions
 b - a potion of curing
 h - a potion of magic
 o - a potion of cancellation {unknown}
 r - a potion of flight
 s - a potion of ambrosia
Comestibles
 c - 9 rations


   Skills:
 - Level 3.2 Fighting
 * Level 6.7 Short Blades
 + Level 4.0 Armour
 + Level 5.1 Dodging
 - Level 2.1 Stealth


You had 7 spell levels left.
You didn't know any spells.
Your spell library contained the following spells:

 Spells                   Type           Power        Failure   Level  Hunger
 Animate Skeleton         Necr           N/A          80%         1    ##.....
 Pain                     Necr           #...         80%         1    ##.....
 Regeneration             Chrm/Necr      #.........   99%         3    ####...
 Vampiric Draining        Necr           #.........   99%         3    ####...
 Animate Dead             Necr           N/A          100%        4    #####..


Dungeon Overview and Level Annotations

Branches:
Dungeon (5/15)             Temple (1/1) D:5

Altars:
Ashenzari
Cheibriados
Fedhas
Hepliaklqana
Kikubaaqudgha
Makhleb
Nemelex Xobeh
Okawaru
Qazlal
Ru
Trog
Wu Jian
Xom
Yredelemnul
Zin
The Shining One

Annotations:
D:4 Menkaure


Innate Abilities, Weirdness & Mutations

Your body is rotting away.
You thrive on raw meat.
You are immune to poison.
You have sharp fingernails.
You are carnivorous and can eat meat at any time.
Your flesh is cold resistant. (rC+)
You are immune to negative energy. (rN+++)
You do not regenerate when monsters are visible.
You are immune to unholy pain and torment.
You can survive without breathing.


Message History

The troll bites you! The troll closely misses you.
The troll claws you but does no damage. The phantom hits you.
* * * LOW HITPOINT WARNING * * *
You closely miss the troll.
The troll is lightly wounded.
The troll barely misses you. The troll claws you!
* * * LOW HITPOINT WARNING * * *
The troll closely misses you.
Okay, then.
You completely miss the troll.
The troll is lightly wounded.
The phantom barely misses you.
You puncture the troll! Lightning courses through the troll!
The troll is almost dead.
The troll bites you but does no damage. The troll barely misses you.
The troll claws you but does no damage. The phantom barely misses you.
You closely miss the troll.
The troll is almost dead.
The troll bites you!
You die...

........[......#
###.##....
###.####.#.....#
#....÷.. #..#
#.#.....# ####....
####.###.#.....#
#....
............##.# *
#####
####..##.##.##.# , *
#.... ##.##.##.##.#
* #.###
#..#.##.##.########.
#.#
##)#.##.##.W@T......
#.#
#.........#########
#.# ##...#.##.# #.#
# #......#.# #.# #
##.#####.# #.# #
#>....#.# #.# # *
#####+#[# #.# # , ,
, ..# #.# # , ,,
,.## ###.###


You could see a troll and a phantom.

Vanquished Creatures
  A two-headed ogre (D:5)
  A human (D:4)
  An ogre (D:4)
  A howler monkey (D:5)
  A hound (D:4)
  An orc wizard (D:5)
  Ijyb (D:4)
  5 adders
  An adder zombie (D:5)
  An adder skeleton (D:5)
  4 worms
  3 dart slugs
  2 leopard geckos
  2 orcs
  4 giant cockroaches
  11 goblins
  6 hobgoblins
  3 jackals (D:3)
  5 kobolds
  2 ball pythons
  7 bats
  4 frilled lizards
  A goblin skeleton (D:4)
  A kobold zombie (D:4)
  6 rats
75 creatures vanquished.

Notes
Turn   | Place    | Note
-------+----------+-------------------------------------------
     0 | D:1      | Borgoz the Ghoul Monk began the quest for the Orb.
     0 | D:1      | Reached XP level 1. HP: 19/19 MP: 0/0
   188 | D:1      | Reached XP level 2. HP: 22/26 MP: 1/1
   195 | D:1      | Reached skill level 3 in Short Blades
   503 | D:1      | Reached XP level 3. HP: 9/31 MP: 2/2
   557 | D:1      | Reached skill level 1 in Armour
  1214 | D:2      | Reached XP level 4. HP: 19/38 MP: 3/3
  2453 | D:3      | Reached skill level 4 in Short Blades
  2745 | D:4      | Noticed an ogre
  2749 | D:4      | Killed an ogre
  2749 | D:4      | Reached XP level 5. HP: 45/45 MP: 4/4
  2773 | D:4      | Noticed Menkaure
  2773 | D:4      | Noticed an ogre
  2820 | D:4      | Reached XP level 6. HP: 44/50 MP: 5/5
  2833 | D:4      | Noticed a human
  2834 | D:4      | Found a runed translucent door.
  2839 | D:4      | Found a basalt altar of Yredelemnul.
  2861 | D:4      | Killed a human
  2861 | D:4      | Reached skill level 5 in Short Blades
  2892 | D:4      | Noticed Ijyb
  2911 | D:4      | Killed Ijyb
  2920 | D:5      | Entered Level 5 of the Dungeon
  2947 | D:5      | Noticed a two-headed ogre
  2955 | D:5      | Killed a two-headed ogre
  2955 | D:5      | Reached skill level 6 in Short Blades
  2955 | D:5      | Reached skill level 5 in Dodging
  2955 | D:5      | Reached XP level 7. HP: 33/57 MP: 6/6
  2955 | D:5      | Reached XP level 8. HP: 37/63 MP: 7/7
  2989 | D:5      | Found a staircase to the Ecumenical Temple.
  3047 | Temple   | Entered the Ecumenical Temple
  3149 | Temple   | Became a worshipper of Ashenzari the Shackled
  3149 | Temple   | Reached * piety under Ashenzari
  3149 | Temple   | Reached ** piety under Ashenzari
  3624 | D:5      | Noticed a troll
  3660 | D:5      | Slain by a troll

Levels and vault maps discovered:
D:1:      ebering_hopf_link, layout_basic
D:2:      layout_basic, serial_glass, glass_columns_c, glass_columns_a,
          kennysheep_generic_room_9
D:3:      layout_rooms
D:4:      corexii_shantytown, layout_layer_cave, first_ration, serial_shops,
          kennysheep_little_box, dk_yredelemnul_ordeal, uniq_ijyb, uniq_menkaure
D:5:      layout_basic, minmay_temple_entry_trees
Temple:   eino_temple_scatter_basement

Skill      XL: |  1  2  3  4  5  6  7  8 |
---------------+-------------------------+-----
Short Blades   | 3 4 6 |  6.7
Dodging        | 3 5 |  5.1
Armour         | 1 2 3 4 |  4.0
Fighting       | |  3.2
Stealth        | |  2.1

Action                   |  1- 3 |  4- 6 |  7- 9 || total
-------------------------+-------+-------+-------++-------
Melee: Short sword       |   139 |   139 |    67 ||   345
Evoke: Wand              |       |     1 |       ||     1
  Use: Scroll            |       |     8 |       ||     8
       Potion            |       |       |     3 ||     3
 Stab: Sleeping          |     5 |     5 |     2 ||    12
  Eat: Chunk             |    20 |    10 |    10 ||    40
Armor: Robe              |    12 |     7 |       ||    19
       Scale mail        |       |    24 |    24 ||    48
Dodge: Dodged            |    72 |    61 |    31 ||   164

Table legend:
 A = Non-vault XP
 B = Vault XP
 C = Vault XP percentage of total XP
 D = Non-vault monster count
 E = Vault monster count
 F = Vault count percentage of total count
                 A         B        C        D         E       F
            +---------+---------+-------+---------+---------+-------
      Total |    1328 |     224 |  14.4 |      70 |       5 |   6.7
            +---------+---------+-------+---------+---------+-------
        D:1 |      43 |       0 |   0.0 |      22 |       0 |   0.0
        D:2 |      78 |       1 |   1.3 |      22 |       1 |   4.3
        D:3 |      40 |       0 |   0.0 |      14 |       0 |   0.0
        D:4 |     176 |     223 |  55.9 |       4 |       4 |  50.0
        D:5 |     991 |       0 |   0.0 |       8 |       0 |   0.0
            +---------+---------+-------+---------+---------+-------
